 Dungeon Crawl Stone Soup version 0.21.1-1-g345015fe64 (webtiles) character file.

179 Kholdaimon the Slinger (level 5, -12/34 HPs)
             Began as a Halfling Hunter on June 15, 2018.
             Mangled by an orc warrior
             ... wielding a cursed +0 trident
              (22 damage)
             ... on level 3 of the Dungeon.
             The game lasted 00:26:46 (2143 turns).

Kholdaimon the Slinger (Halfling Hunter)            Turns: 2143, Time: 00:26:47

Health: -12/34     AC:  7    Str: 13    XL:     5   Next: 90%
Magic:  5/5        EV: 14    Int:  9    God:
Gold:   121        SH:  0    Dex: 16    Spells: 4/4 levels left

rFire    . . .     SeeInvis .   a - +2 hunting sling
rCold    . . .     Gourm    .   (shield restricted)
rNeg     . . .     Faith    .   c - +1 leather armour
rPois    .         Spirit   .   (no helmet)
rElec    .         Reflect  .   (no cloak)
rCorr    .         Harm     .   (no gloves)
MR       .....                  (no boots)
Stlth    ++........             (no amulet)
HPRegen  0.11/turn              e - +3 ring of protection
MPRegen  0.09/turn              i - ring of flight

@: no status effects
A: small, mutation resistance 1
a: Evoke Flight


You were on level 3 of the Dungeon.
You were not hungry.

You visited 1 branch of the dungeon, and saw 4 of its levels.

You collected 121 gold pieces.

Inventory:

Hand Weapons
 a - a +2 hunting sling (weapon)
 b - a +0 short sword
 n - a +2 short sword of draining
 o - a +0 dagger
 s - a +0 blowgun
 w - a +2 falchion of holy wrath
Missiles
 d - 9 sling bullets
 m - 113 stones (quivered)
 r - 31 poisoned needles
Armour
 c - a +1 leather armour (worn)
 p - a +1 chain mail of positive energy
Jewellery
 e - a +3 ring of protection (left hand)
 i - a ring of flight (right hand)
Scrolls
 j - a scroll of teleportation
 t - a scroll of enchant weapon
 u - a scroll of fog {unknown}
Potions
 h - 2 potions of curing
 k - a potion of resistance {unknown}
 l - a potion of cancellation
 q - 2 potions of berserk rage
 v - a potion of might
Comestibles
 f - 10 rations
 g - a chunk of flesh


   Skills:
 + Level 2.2 Fighting
 * Level 9.3 Slings
 + Level 0.5 Armour
 + Level 2.2 Dodging
 + Level 1.1 Stealth


You had 4 spell levels left.
You didn't know any spells.

Dungeon Overview and Level Annotations

Branches:
Dungeon (4/15)
 Temple: D:4-7

Altars:
Sif Muna

Annotations:
D:2 Sigmund
D:3 exclusion: downstairs
D:4 1 transporter


Innate Abilities, Weirdness & Mutations

You are small and have problems with some larger weapons.
You are somewhat resistant to further mutation.


Message History

Firing (i - inventory. (,) - cycle):
m - 116 stones (quivered)
Press: ? - help, Shift-Dir - straight line, f/p - orc warrior
Aim: an orc warrior, wielding a trident and wearing a plate armour You shoot a stone.
The stone barely misses the orc.
The stone hits the orc warrior but does no damage.
Firing (i - inventory. (,) - cycle):
m - 115 stones (quivered)
Press: ? - help, Shift-Dir - straight line, f/p - orc warrior
Aim: an orc warrior, wielding a trident and wearing a plate armour You shoot a stone.
The stone hits the orc.
The orc is severely wounded.
The orc misses you.
Firing (i - inventory. (,) - cycle):
m - 114 stones (quivered)
Press: ? - help, Shift-Dir - straight line, f/p - orc warrior
Aim: an orc warrior, wielding a trident and wearing a plate armour You shoot a stone.
The stone closely misses the orc.
The stone hits the orc warrior!
The orc warrior is moderately wounded.
The orc warrior hits you from afar with a trident!!
Ouch! That really hurt!
You die...

#.#.#..................##...
#.......................###.
#....................#..####
#.............#.....###.....
#.......#.#........## #.....
#......##........######.....
#..###......#..#.####...###.
#.#####....###.####...### #.
####.##....##.@oo(((...### ##
#.......#####.###.>....#######.
#.##.#### #...# ####...........
#..#.# #.### ##..###......
##.#.######.#######...........#
#....<..............##.....#..
#####.####................###....
#.....##...#######..........#...#
#.....##.### ##...........)..


You could see an orc warrior and an orc.

Vanquished Creatures
  A centaur zombie (D:3)
  2 gnolls (D:4)
  4 adders
  A shadow imp (D:3)
  An ooze (D:1)
  2 dart slugs
  3 leopard geckos
  7 orcs
  5 giant cockroaches
  5 goblins
  8 hobgoblins
  5 jackals (D:3)
  A quokka (D:3)
  A ball python (D:3)
  5 bats
  6 frilled lizards
  5 kobolds
  5 rats
67 creatures vanquished.

Notes
Turn   | Place    | Note
-------+----------+-------------------------------------------
     0 | D:1      | Kholdaimon the Halfling Hunter began the quest for the Orb.
     0 | D:1      | Reached XP level 1. HP: 14/14 MP: 1/1
    67 | D:1      | Reached skill level 6 in Slings
   153 | D:1      | Reached XP level 2. HP: 19/19 MP: 2/2
   497 | D:1      | Reached skill level 7 in Slings
   497 | D:1      | Reached XP level 3. HP: 20/24 MP: 3/3
   903 | D:2      | Reached XP level 4. HP: 29/29 MP: 4/4
  1026 | D:2      | Noticed Sigmund
  1043 | D:2      | Found a deep blue altar of Sif Muna.
  1212 | D:3      | Reached skill level 8 in Slings
  1380 | D:3      | Reached XP level 5. HP: 26/34 MP: 5/5
  1600 | D:3      | Reached skill level 9 in Slings
  1863 | D:4      | Noticed an ogre
  1935 | D:4      | Found a transporter.
  1949 | D:4      | Noticed an orc warrior
  2143 | D:3      | Mangled by an orc warrior

Skill      XL: |  1  2  3  4  5 |
---------------+----------------+-----
Slings         | 6 7 8 9 |  9.3
Fighting       | 2 |  2.2
Armour         | |  0.5
Dodging        | |  2.2
Stealth        | |  1.1

Action                   |  1- 3 |  4- 6 || total
-------------------------+-------+-------++-------
 Fire: Hunting sling     |    82 |   147 ||   229
  Use: Scroll            |       |    13 ||    13
  Eat: Chunk             |       |     3 ||     3
Armor: Leather armour    |     2 |    10 ||    12
Dodge: Dodged            |    17 |    53 ||    70
